Map: Ulrena

Players

LilDicky - Winner!

  • Race: Zerg Zerg
  • League: Diamond

goodweed

  • Race: Zerg Zerg
  • League: Silver

VOD

http://www.twitch.tv/tumescentpie

Description

Time

  • Played on: Dec. 25, 2015, 9:01 p.m.
  • Length: 4:12
Show
View Real Time Build Order
Export as new Build Order

LilDicky Zerg - Winner!

Build Orders: Pool First 

Get SALT Encoding   

  12  0:01  Drone  
  13  0:09  Drone  
  14  0:19  Extractor  
  14  0:20  Drone, Extractor  
  14  0:21  Drone  
  16  0:38  Spawning Pool  
  15  0:48  Extractor  
  15  0:49  Drone, Extractor  
  14  0:52  Overlord  
  15  1:26  Queen  
  17  1:37  Zergling x2  
  17  1:38  Zergling x4  
  20  1:55  Metabolic Boost  
  20  1:57  Zergling x2  
  20  2:07  Zergling x2  
  19  2:13  Baneling Nest  
  18  2:17  Zergling x2  
  19  2:23  Zergling x2  
  20  2:33  Zergling x2  
  21  2:42  Drone  
  21  2:44  Overlord  
  22  2:48  Hatchery  
  20  2:58  Baneling x3  
  20  2:59  Baneling  
  20  3:03  Zergling x6  
  23  3:12  Zergling x4  
  25  3:25  Zergling x4  
  26  3:29  Zergling x2  
  26  3:39  Baneling  
  26  3:42  Zergling x2  
Show
View Real Time Build Order
Export as new Build Order

goodweed Zerg 

Build Orders: Pool First 

Get SALT Encoding   

  12  0:02  Drone  
  13  0:08  Drone  
  14  0:26  Spawning Pool  
  13  0:29  Drone  
  14  0:37  Overlord  
  14  1:05  Hatchery  
  13  1:13  Zergling x6  
  16  1:21  Extractor  
  15  1:26  Queen  
  17  1:46  Drone x3  
  18  2:10  Drone x2  
  19  2:30  Zergling x4  
  19  2:31  Zergling x4  
  23  2:43  Baneling Nest  
  22  2:46  Zergling x10  
  27  3:00  Overlord  
  27  3:17  Queen  
  29  3:21  Drone  
  29  3:22  Drone x4  
  28  3:30  Zergling x2  
  28  3:31  Zergling x2  
  24  3:43  Zergling x2  
  24  3:44  Zergling x4  
  24  3:45  Zergling x2  
Tags
 
Add a new tag
Caveats
  • Supply blocks, unpowered buildings, or Contaminate may cause inaccurate times.
  • Supply counts are checked every 10 seconds.